 Dungeon Crawl Stone Soup version 0.31-a0-246-g8cbcc1cb85 (webtiles) character file.

Game seed: 3302017940580230386

903 Dittersdorf the Covered (level 8, -13/51 HPs)
             Began as a Gargoyle Fighter on July 12, 2023.
             Was an Initiate of Okawaru.
             Mangled by an ogre
             ... wielding a +0 giant club
              (24 damage)
             ... on level 4 of the Dungeon.
             The game lasted 00:03:52 (3504 turns).

Dittersdorf the Covered (Gargoyle Fighter)          Turns: 3504, Time: 00:03:52

Health: -13/51     AC: 16    Str: 23    XL:     8   Next: 7%
Magic:  8/8        EV:  8    Int:  8    God:    Okawaru [......]
Gold:   60         SH:  5    Dex:  9    Spells: 7/7 levels left

rFire   . . .        a - +0 flail
rCold   . . .        c - +0 buckler
rNeg    + . .        f - +0 chain mail
rPois   ∞            (no helmet)
rElec   +            (no cloak)
rCorr   .            u - +0 pair of gloves
SInv    .            (no boots)
Will    .....        (no amulet) Stlth
                     (no ring)
HPRegen 0.28/turn    (no ring)
MPRegen 0.11/turn

%: no passive effects
@: no status effects
A: sickness immunity, AC +5, negative energy resistance 1, electricity
resistance, torment resistance 1, petrification resistance
a: Renounce Religion


You were on level 4 of the Dungeon.
You worshipped Okawaru.
Okawaru was noncommittal.
You visited 1 branch of the dungeon, and saw 4 of its levels.

You collected 60 gold pieces.

Inventory:

Hand Weapons
 a - a +0 flail (weapon)
Missiles
 e - 4 poisoned darts (quivered)
 m - a throwing net
Armour
 c - a +0 buckler (worn)
 f - a +0 chain mail (worn)
 u - a +0 pair of gloves (worn)
Jewellery
 s - a ring of ice
Wands
 r - a wand of roots (10)
 t - a wand of digging (5)
Scrolls
 b - a scroll of revelation
 i - a scroll of poison {unknown}
 j - a scroll of fog {unknown}
 n - a scroll of acquirement {unknown}
 p - a scroll of fear {unknown}
Potions
 d - a potion of might
 g - a potion of enlightenment
 h - 3 potions of curing
 k - a potion of ambrosia
 l - a potion of degeneration {unknown}
 o - 2 potions of invisibility
 q - a potion of haste


   Skills:
 + Level 5.8 Fighting
 + Level 4.8 Maces & Flails
 + Level 5.8 Armour
 + Level 5.8 Shields


You had 7 spell levels left.
You didn't know any spells.
Your spell library contained the following spells:

 Spells                   Type           Power      Damage    Failure   Level
 Static Discharge         Conj/Air       0%         2-2/arc   99%         2
 Airstrike                Air            0%         2d(0-16)  100%        4
 Summon Lightning Spire   Summ/Air       Unusable   N/A       N/A         4

Dungeon Overview and Level Annotations

Branches:
Dungeon (4/15)
 Temple: D:4-7

Altars:
Okawaru


Innate Abilities, Weirdness & Mutations

You are immune to sickness and miasma.
Your stone body is resilient. (AC +5)
You are immune to poison.
You resist negative energy. (rN+)
You are resistant to electric shocks. (rElec)
You are resistant to unholy torment.
You are immune to petrification.


Message History

* * * LOW HITPOINT WARNING * * *
You are too injured to fight recklessly!
You are too injured to fight recklessly!
You are too injured to fight recklessly!
You are too injured to fight recklessly!
You are too injured to fight recklessly!
You are too injured to fight recklessly!
You are too injured to fight recklessly!
You are too injured to fight recklessly!
You are too injured to fight recklessly!
You are too injured to fight recklessly!
You are too injured to fight recklessly!
You are too injured to fight recklessly!
You are too injured to fight recklessly!
You are too injured to fight recklessly!
You are too injured to fight recklessly!
You are too injured to fight recklessly!
Throw: 7 darts (poison)
Press: ? - help, Q - select action, (/) - cycle Shift-Dir - straight line, f - ogre
Aim: an ogre, wielding a +0 giant club (moderately wounded, 72% to hit)
You throw a poisoned dart. The poisoned dart hits the ogre.
The ogre is poisoned.
The ogre is moderately wounded.
Throw: 6 darts (poison)
Press: ? - help, Q - select action, (/) - cycle Shift-Dir - straight line, f/p - ogre
Aim: an ogre, wielding a +0 giant club (heavily wounded, poisoned, 72% to hit)
You throw a poisoned dart. The poisoned dart hits the ogre.
The ogre is heavily wounded.
The ogre hits you with a +0 giant club.
* * * LOW HITPOINT WARNING * * *
The ogre attacks as you move away! The ogre barely misses you.
Throw: 5 darts (poison)
Press: ? - help, Q - select action, (/) - cycle Shift-Dir - straight line, f/p - ogre
Aim: an ogre, wielding a +0 giant club (heavily wounded, poisoned, 72% to hit)
You throw a poisoned dart. The poisoned dart hits the ogre.
The ogre looks even sicker.
The ogre is heavily wounded.
The ogre attacks as you move away!
The ogre hits you with a +0 giant club!!
You die...

**##...#* *,......# *,##...§#
*,#...§§##*************
######.#..§§...,,,,,,,,,,,,,
######.#..§≈.#########******
######.#..§§...(.....# *
######.#.)...(######.# *
######.#...@O.## *,* *
######.....#..## *,* *
############....#..## *,* *
............<>.(#..## *,* *
#############...#..## *,* *
...................## *,*******
#############.#....### *,,,,,,,,
.......?..###.#._....############
.########.###.#....#.........(...


You could see an ogre (very poisoned).

Vanquished Creatures
  Pikel (D:4)
  Sigmund (D:3)
  Menkaure (D:4)
  An iguana (D:4)
  9 gnolls
  2 adders
  A worm (D:2)
  3 dart slugs
  An orc (D:4)
  3 endoplasms
  4 giant cockroaches
  3 goblins
  7 hobgoblins
  3 jackals (D:1)
  8 kobolds
  2 quokkas
  5 ball pythons
  3 bats
  4 frilled lizards
  7 rats
69 creatures vanquished.

Notes
Turn   | Place    | Note
-------+----------+-------------------------------------------
     0 | D:1      | Dittersdorf the Gargoyle Fighter began the quest for the
                  | Orb.
     0 | D:1      | Reached XP level 1. HP: 14/14 MP: 1/1
    36 | D:1      | Reached XP level 2. HP: 16/19 MP: 2/2
    88 | D:1      | Reached XP level 3. HP: 23/23 MP: 3/3
   950 | D:2      | Reached XP level 4. HP: 11/29 MP: 4/4
  1718 | D:2      | Reached XP level 5. HP: 33/33 MP: 5/5
  2392 | D:3      | Noticed Sigmund
  2400 | D:3      | Killed Sigmund
  2401 | D:3      | Reached XP level 6. HP: 26/39 MP: 6/6
  2577 | D:4      | Found an iron altar of Okawaru.
  2582 | D:4      | Became a worshipper of Warmaster Okawaru
  2900 | D:4      | Identified the +5 ring mail of Autumn {+Inv rC+++ Str-5
                  | Stlth-}
  2963 | D:4      | Noticed Pikel
  2984 | D:4      | Killed Pikel
  2985 | D:4      | Reached skill level 5 in Fighting
  2985 | D:4      | Reached skill level 5 in Armour
  2985 | D:4      | Reached skill level 5 in Shields
  2985 | D:4      | Reached XP level 7. HP: 26/45 MP: 7/7
  3089 | D:4      | Noticed Menkaure
  3098 | D:4      | Killed Menkaure
  3098 | D:4      | Reached * piety under Okawaru
  3099 | D:4      | Reached XP level 8. HP: 17/51 MP: 8/8
  3504 | D:4      | Mangled by an ogre

Illustrated notes

Levels and vault maps discovered:
D:1:      minmay_arrival_four_circles, layout_basic
D:2:      layout_basic, minivault_5, serial_bayou_pond_e
D:3:      layout_loops_cross, uniq_sigmund
D:4:      layout_basic, mainiacjoe_overflow_boulevard, uniq_pikel, uniq_menkaure

Skill      XL: |  1  2  3  4  5  6 |
---------------+-------------------+-----
Armour         | 4 5 |  5.8
Fighting       | 4 5 |  5.8
Shields        | 4 5 |  5.8
Maces & Flails | 3 4 |  4.8

Action                     |  1- 3 |  4- 6 |  7- 9 || total
---------------------------+-------+-------+-------++-------
  Melee: Flail             |   137 |   163 |    12 ||   312
  Throw: Dart              |       |       |     3 ||     3
    Use: Scroll            |       |    10 |       ||    10
 Armour: Scale mail        |     9 |       |       ||     9
         Chain mail        |    93 |    79 |     2 ||   174
  Dodge: Dodged            |    71 |    60 |     3 ||   134
  Block: Buckler           |    36 |    33 |     1 ||    70

Table legend: (Time is in decaauts)
 A = Elapsed time spent in this place.
 B = Non-inter-level travel time spent in this place.
 C = Inter-level travel time spent in this place.
 D = Time resting spent in this place.
 E = Time spent auto-exploring this place.
 F = Levels seen in this place.
 G = Mean time per level.
                   A        B        C        D        E       F      G
               +--------+--------+--------+--------+--------+-----+--------+
         Total |   3594 |   3483 |    111 |    279 |   2431 |   4 |  898.5 |
       Dungeon |   3594 |   3483 |    111 |    279 |   2431 |   4 |  898.5 |
               +--------+--------+--------+--------+--------+-----+--------+

Top non-repeatable levels by time:
     D:1: 986 daAuts
     D:4: 937 daAuts
     D:2: 908 daAuts
     D:3: 762 daAuts
